 Dungeon Crawl Stone Soup version 0.22.1-2-g9c5b331 (webtiles) character file.

27489 gruber the Swashbuckler (level 13, -14/79 HPs)
             Began as a Kobold Berserker on Dec 9, 2018.
             Was a High Priest of Trog.
             Demolished by a large slime creature (19 damage)
             ... while paralysed
             ... on level 12 of the Dungeon.
             The game lasted 00:30:39 (14708 turns).

gruber the Swashbuckler (Kobold Berserker)         Turns: 14708, Time: 00:30:40

Health: -14/79     AC: 11    Str: 15    XL:     13   Next: 66%
Magic:  15/15      EV:  3    Int: 11    God:    Trog [*****.]
Gold:   883        SH:  0    Dex: 18    Spells: 12/12 levels left

rFire    . . .     SeeInvis .   N - +7 rapier of Broken Luck {pierce, +Fly}
rCold    . . .     Gourm    .   a - +0 buckler
rNeg     . . .     Faith    .   D - +2 ring mail {MR+}
rPois    +         Spirit   .   (no helmet)
rElec    .         Reflect  .   (no cloak)
rCorr    .         Harm     .   q - +1 pair of gloves
MR       +....                  (no boots)
Stlth    ++++......             (no amulet)
HPRegen  0.23/turn              E - ring "Qaforij" {rPois Int+2}
MPRegen  0.14/turn              C - +1 ring of evasion

@: paralysed, berserk cooldown, slowed
A: small, carnivore
a: Berserk, Trog's Hand, Brothers in Arms, Renounce Religion, Evoke Flight


You were on level 12 of the Dungeon.
You worshipped Trog.
Trog was extremely pleased with you.
You were very full.

You visited 1 branch of the dungeon, and saw 12 of its levels.
You also visited: Ossuary and Bailey.

You collected 883 gold pieces.

Inventory:

Hand Weapons
 e - a +1 vampiric rapier
 o - a +0 hunting sling
 N - the +7 rapier of Broken Luck (weapon) {pierce, +Fly}
   (You took it off a spriggan on level 9 of the Dungeon)

   It inflicts extra damage upon your enemies.
   It lets you fly.
 P - a +0 blowgun
 S - a +5 rapier of venom
Missiles
 s - 311 stones (quivered)
 w - 153 sling bullets
 y - 9 curare-tipped needles
 F - 12 poisoned needles
Armour
 a - a +0 buckler (worn)
 p - a +0 leather armour
 q - a +1 pair of gloves (worn)
 D - a +2 ring mail of magic resistance (worn)
Jewellery
 r - an uncursed ring of protection from magic
 t - an uncursed ring of fire
 u - an uncursed ring of protection from magic
 C - a +1 ring of evasion (right hand)
 E - the ring "Qaforij" (left hand) {rPois Int+2}
   (You found it on level 6 of the Dungeon)

   [ring of intelligence]

   It affects your intelligence (+2).
   It protects you from poison.
 I - an uncursed amulet of magic regeneration {unknown}
 R - a cursed ring of teleportation {unknown}
 U - an uncursed ring of resist corrosion {unknown}
 W - an uncursed ring of stealth {unknown}
Wands
 b - a wand of flame (42)
 B - a wand of random effects (46)
 L - a wand of polymorph (21)
 M - a wand of acid (7)
 Q - a wand of enslavement (10)
Scrolls
 d - 2 scrolls of fear
 g - 3 scrolls of blinking
 i - 2 scrolls of remove curse
 l - a scroll of enchant weapon {unknown}
 n - a scroll of noise {unknown}
 v - 3 scrolls of teleportation
 K - 2 scrolls of immolation {unknown}
 T - a scroll of fog {unknown}
 X - a scroll of identify
Potions
 f - 2 potions of haste
 h - 5 potions of brilliance
 j - a potion of invisibility
 k - 2 potions of magic
 m - 4 potions of heal wounds
 x - 13 potions of curing
 z - 2 potions of lignification
 A - 2 potions of agility
 G - 2 potions of berserk rage
 H - 3 potions of might
 J - 2 potions of flight
 O - 3 potions of mutation {unknown}
Comestibles
 c - 22 rations


   Skills:
 - Level 8.6 Fighting
 - Level 15.0 Short Blades
 - Level 8.3 Armour
 - Level 8.8 Dodging
 * Level 10.4 Stealth
 - Level 8.1 Shields
 - Level 3.3 Evocations


You had 12 spell levels left.
You didn't know any spells.
Your spell library was empty.

Dungeon Overview and Level Annotations

Branches:
Dungeon (12/15)            Temple (0/1) D:4            Lair (0/6) D:11
    Orc (0/2) D:9

Altars:
Cheibriados
Dithmenos
Fedhas
Gozag
Hepliaklqana
Kikubaaqudgha
Nemelex Xobeh
Uskayaw

Annotations:
D:12 Gastronok


Innate Abilities, Weirdness & Mutations

You are small and have problems with some larger weapons.
You are carnivorous and can eat meat at any time.


Message History

You hit the large slime creature.
The large slime creature is almost dead.
The slime creature closely misses you.
You puncture the large slime creature!
You kill the large slime creature!
Trog accepts your kill.
You puncture the slime creature!
The slime creature is severely wounded.
You are no longer berserk.
You pass out from exhaustion.
You feel yourself slow down. The slime creature hits you!
The large slime creature hits you!! The slime creature barely misses you.
Gastronok's eyestalks quiver as he mumbles some strange words.
Gastronok puts on a burst of speed!
The large slime creature hits you!
* * * LOW HITPOINT WARNING * * *
The slime creature hits you!
* * * LOW HITPOINT WARNING * * *
The large slime creature hits you!!
You die...

##.......# ##.......
#.......# #.......
#.......## #.(.....
##.......# ##......
#.......# #...... .
#.......# #...... ...##
#......# ##.....
......##((....####....##
....w.J@......##...####
....###J......#..### .
####......## ##.#..##
####.# #..# ##.# .# .#


You could see Gastronok, a large slime creature and a slime creature.

Vanquished Creatures
  Fannar (D:10)
  Harold (D:8)
  Erica (D:8)
  4 two-headed ogres
  Sonja (D:10)
  An unseen horror (D:12)
  Pikel (D:6)
  A cyclops (D:12)
  A slime creature (D:12)
  A komodo dragon (D:11)
  4 trolls (D:11)
  Prince Ribbit (D:9)
  A hippogriff (D:10)
  Sigmund (D:3)
  A spriggan (D:9)
  A wraith (D:11)
  A wyvern (D:11)
  3 steam dragons (D:11)
  4 yaks (D:11)
  Menkaure (D:5)
  Edmund (D:4)
  A soldier ant (D:9)
  Duvessa (D:6)
  A water moccasin (D:7)
  A slave (D:6)
  9 orc warriors
  A phantom (D:11)
  5 ice beasts
  A black bear (D:12)
  3 sky beasts
  2 wolves (D:11)
  9 centaurs
  9 ogres
  2 crocodiles
  A big kobold (D:12)
  10 bullfrogs
  2 scorpions
  11 killer bees
  7 wights
  7 electric eels
  A howler monkey (D:4)
  7 crimson imps
  2 quasits
  3 bullfrog zombies
  3 centaur zombies
  A centaur skeleton (D:6)
  6 hounds
  A jelly (D:11)
  A bullfrog skeleton (D:6)
  13 orc priests
  22 orc wizards
  5 iguanas
  5 worker ants
  A hound zombie (D:9)
  A hound skeleton (D:6)
  9 mummies
  A howler monkey zombie (D:10)
  A worker ant zombie (D:6)
  19 gnolls
  9 adders
  A shadow imp (D:6)
  2 oozes
  5 adder zombies
  An adder skeleton (D:4)
  3 dart slugs
  6 leopard geckos
  71 orcs
  5 bats
  7 giant cockroaches
  5 goblins
  13 hobgoblins
  2 jackals (D:2)
  16 kobolds
  A quokka (D:6)
  A ball python (D:4)
  4 frilled lizards
  2 gnoll zombies (Ossuary)
  2 hobgoblin zombies (Ossuary)
  3 kobold zombies (Ossuary)
  2 leopard gecko skeletons
  A leopard gecko zombie (D:5)
  An orc zombie (Ossuary)
  A quokka zombie (D:6)
  2 rats (D:3)
383 creatures vanquished.

Vanquished Creatures (collateral kills)
  An orc knight (Bailey)
  A cyclops (D:12)
  Psyche (D:12)
  4 centaurs (D:12)
  A jelly (D:11)
  A worker ant (D:11)
  An orc wizard (D:12)
  An orc (D:12)
  A hobgoblin (Bailey)
  2 kobolds (Bailey)
14 creatures vanquished.

Vanquished Creatures (others)
  A slave (D:6)
  Dowan (D:6)
  An adder (D:6)
  A gnoll (D:6)
4 creatures vanquished.

Grand Total: 401 creatures vanquished

Notes
Turn   | Place    | Note
-------+----------+-------------------------------------------
     0 | D:1      | gruber the Kobold Berserker began the quest for the Orb.
     0 | D:1      | Reached XP level 1. HP: 14/14 MP: 1/1
    23 | D:1      | Reached XP level 2. HP: 13/19 MP: 2/2
   414 | D:1      | Reached skill level 5 in Short Blades
   871 | D:2      | Found a blossoming altar of Fedhas.
   882 | D:2      | Found an ancient bone altar of Kikubaaqudgha.
   915 | D:2      | Reached XP level 3. HP: 15/23 MP: 3/3
  1107 | D:2      | Found a sparkling altar of Nemelex Xobeh.
  1107 | D:2      | Found a hide-covered altar of Uskayaw.
  1216 | D:2      | Found a snail-covered altar of Cheibriados.
  1489 | D:2      | Reached skill level 6 in Short Blades
  1582 | D:2      | Found a blossoming altar of Fedhas.
  1924 | D:3      | Found an opulent altar of Gozag.
  1958 | D:3      | Noticed Sigmund
  1964 | D:3      | Killed Sigmund
  1964 | D:3      | Reached ** piety under Trog
  1964 | D:3      | Reached skill level 8 in Short Blades
  1964 | D:3      | Reached XP level 4. HP: 18/28 MP: 4/4
  1964 | D:3      | Reached XP level 5. HP: 21/32 MP: 5/5
  1964 | D:3      | Reached XP level 6. HP: 24/37 MP: 6/6
  2957 | D:4      | Noticed an orc warrior
  2957 | D:4      | Noticed Edmund
  3032 | D:4      | Reached skill level 9 in Short Blades
  3442 | D:4      | Found a staircase to the Ecumenical Temple.
  3483 | D:4      | Noticed an ogre
  3498 | D:4      | Killed an ogre
  3498 | D:4      | Reached XP level 7. HP: 15/41 MP: 7/7
  3785 | D:4      | Killed Edmund
  3785 | D:4      | Reached skill level 10 in Short Blades
  3973 | D:4      | Reached skill level 11 in Short Blades
  4238 | D:4      | Reached XP level 8. HP: 33/46 MP: 8/8
  4524 | D:5      | Entered Level 5 of the Dungeon
  5023 | D:5      | Reached skill level 5 in Dodging
  5461 | D:5      | Noticed Menkaure
  5474 | D:5      | Killed Menkaure
  5976 | D:6      | Reached XP level 9. HP: 48/52 MP: 9/9
  5984 | D:6      | Reached *** piety under Trog
  6007 | D:6      | Got a fine silver ring
  6017 | D:6      | Noticed Pikel
  6044 | D:6      | Killed Pikel
  6102 | D:6      | Killed Dowan
  6410 | D:6      | Found a shadowy altar of Dithmenos.
  6462 | D:6      | Found a sand-covered staircase.
  6468 | Ossuary  | Entered an ossuary
  6959 | D:6      | Identified the ring "Qaforij" {rPois Int+2} (You found it
                  | on level 6 of the Dungeon)
  7015 | D:6      | Noticed Duvessa
  7040 | D:6      | Killed Duvessa
  7326 | D:7      | Reached **** piety under Trog
  7339 | D:7      | Reached XP level 10. HP: 55/64 MP: 10/10
  7571 | D:7      | Reached skill level 1 in Shields
  7962 | D:7      | Reached skill level 5 in Armour
  8043 | D:7      | Found a hazy altar of Hepliaklqana.
  8310 | D:8      | Noticed a two-headed ogre
  8467 | D:8      | Noticed Erica
  8493 | D:8      | Killed Erica
  8598 | D:8      | Killed a two-headed ogre
  9197 | D:9      | Noticed Harold
  9224 | D:8      | Killed Harold
  9224 | D:8      | Reached XP level 11. HP: 25/68 MP: 11/11
  9576 | D:9      | Reached ***** piety under Trog
  9612 | D:9      | Reached skill level 5 in Shields
  9817 | D:9      | Got a pitted rapier {pierce}
  9818 | D:9      | Identified the +7 rapier of Broken Luck {pierce, +Fly} (You
                  | took it off a spriggan on level 9 of the Dungeon)
  9989 | D:9      | Noticed a two-headed ogre
 10040 | D:9      | Noticed Prince Ribbit
 10057 | D:9      | Killed Prince Ribbit
 10075 | D:9      | Killed a two-headed ogre
 10116 | D:9      | Found a staircase to the Orcish Mines.
 10605 | D:10     | Entered Level 10 of the Dungeon
 10679 | D:10     | Noticed Fannar
 10691 | D:10     | Killed Fannar
 10729 | D:10     | Found a flagged portal.
 10742 | Bailey   | Entered a bailey
 10758 | Bailey   | Received a gift from Trog
 10869 | Bailey   | Noticed an orc knight
 11110 | Bailey   | Killed an orc knight
 11683 | D:10     | Reached skill level 12 in Short Blades
 11683 | D:10     | Reached XP level 12. HP: 75/75 MP: 11/14
 11687 | D:10     | Noticed Sonja
 11721 | D:10     | Killed Sonja
 11721 | D:10     | Reached skill level 13 in Short Blades
 11721 | D:10     | Reached XP level 13. HP: 79/79 MP: 15/15
 11984 | D:11     | Reached skill level 14 in Short Blades
 12178 | D:11     | Found a staircase to the Lair.
 12201 | D:11     | Received a gift from Trog
 13077 | D:11     | Reached skill level 15 in Short Blades
 13157 | D:11     | Reached skill level 5 in Stealth
 13330 | D:11     | HP: 2/118 [electric eel/bolt of electricity (10)]
 14337 | D:12     | Noticed Psyche
 14367 | D:12     | Killed Psyche
 14688 | D:12     | Noticed Gastronok
 14692 | D:12     | Reached skill level 10 in Stealth
 14708 | D:12     | Demolished by a large slime creature

Skill      XL: |  1  2  3  4  5  6  7  8  9 10 11 12 13 |
---------------+----------------------------------------+-----
Short Blades   | 5 8 9 11 12 13 15 | 15.0
Dodging        | 3 8 |  8.8
Fighting       | 4 8 |  8.6
Armour         | 3 7 8 |  8.3
Shields        | 4 8 |  8.1
Stealth        | 4 10 | 10.4
Evocations     | 3 |  3.3

Action                   |  1- 3 |  4- 6 |  7- 9 | 10-12 | 13-15 || total
-------------------------+-------+-------+-------+-------+-------++-------
Melee: Short sword       |    83 |   112 |   611 |   340 |       ||  1146
       Rapier            |       |       |       |   394 |   522 ||   916
Invok: Berserk           |     2 |     2 |     9 |     8 |     6 ||    27
       Trog's Hand       |       |     1 |     2 |     3 |     1 ||     7
       Brothers in Arms  |       |       |       |     2 |     2 ||     4
 Abil: Evoke Flight      |       |       |       |     1 |       ||     1
  Use: Scroll            |       |       |    14 |     5 |     3 ||    22
       Potion            |       |       |       |     1 |       ||     1
 Stab: Sleeping          |     3 |     1 |       |       |     4 ||     8
  Eat: Chunk             |     7 |     8 |    16 |    35 |    22 ||    88
       Ration            |       |       |     1 |       |       ||     1
Armor: Animal skin       |     8 |       |       |       |       ||     8
       Leather armour    |     1 |    10 |    20 |       |       ||    31
       Ring mail         |       |       |    71 |    76 |    79 ||   226
Dodge: Dodged            |    41 |    57 |   292 |   365 |   279 ||  1034
Block: Buckler           |       |       |       |   136 |   121 ||   257
